 Dungeon Crawl Stone Soup version 0.27.1-34-g3ba077fa99 (webtiles) character file.

Game seed: 9945304443684700864

66 DildoBatman the Conjurer (level 4, -7/30 HPs)
             Began as a Formicid Conjurer on Jan 19, 2022.
             Mangled by a worm (8 damage)
             ... on level 4 of the Dungeon.
             The game lasted 00:03:14 (1404 turns).

DildoBatman the Conjurer (Formicid Conjurer)        Turns: 1404, Time: 00:03:15

Health: -7/30      AC:  2    Str: 12    XL:     4   Next: 37%
Magic:  7/7        EV: 12    Int: 17    God:
Gold:   61         SH:  0    Dex: 10    Spells: 4/7 levels left

rFire    . . .     SeeInvis +   d - +0 spear
rCold    . . .     Faith    .   (no shield)
rNeg     . . .     Spirit   .   a - +0 robe
rPois    .         Reflect  .   (helmet unavailable)
rElec    .         Harm     .   (no cloak)
rCorr    .         Rampage  .   (no gloves)
Will     .....                  (no boots)
Stlth    ++........             m - amulet of magic regeneration
HPRegen  0.10/turn              (no ring)
MPRegen  0.35/turn              (no ring)

@: no status effects
A: permanent stasis, dig shafts and tunnels, antennae 3, four strong arms
a: Dig, Shaft Self


You were on level 4 of the Dungeon.
You visited 1 branch of the dungeon, and saw 4 of its levels.

You collected 61 gold pieces.

Inventory:

Hand Weapons
 d - a +0 spear (weapon)
Missiles
 b - 22 sling bullets
 f - a throwing net
 g - 39 stones
 j - 32 arrows
Armour
 a - a +0 robe (worn)
Jewellery
 m - an amulet of magic regeneration (around neck)
 n - an amulet of faith
Scrolls
 c - 2 scrolls of identify {unknown}
 h - a scroll of magic mapping {unknown}
 i - a scroll of fog {unknown}
Potions
 e - a potion of degeneration {unknown}
 k - a potion of invisibility {unknown}
 l - a potion of curing {unknown}


   Skills:
 - Level 1.7 Dodging
 - Level 2.4 Stealth
 - Level 2.1 Spellcasting
 * Level 5.1 Conjurations


You had 4 spell levels left.
You knew the following spells:

 Your Spells              Type           Power      Damage    Failure   Level
a - Searing Ray           Conj           38%        3d4       3%          2
c - Magic Dart            Conj           76%        1d6       2%          1

Your spell library contained the following spells:

 Spells                   Type           Power      Damage    Failure   Level
 Dazzling Flash           Conj/Hex       20%        N/A       21%         3
 Call Imp                 Summ           1%         N/A       28%         2
 Mephitic Cloud           Conj/Pois/Air  7%         N/A       28%         3
 Fulminant Prism          Conj/Hex       5%         3d7       54%         4
 Hailstorm                Conj/Ice       10%        3d5       54%         4
 Iskenderun's Mystic Bla  Conj/Tloc      10%        2d4       54%         4


Dungeon Overview and Level Annotations

Branches:
Dungeon (3/15)

Altars:


Innate Abilities, Weirdness & Mutations

You cannot be hasted, slowed, berserked, paralysed or teleported.
You can dig through walls and to a lower floor.
You have a pair of large antennae on your head. (SInv)
Your four strong arms can wield two-handed weapons with a shield.


Message History

The worm barely misses you. What are your orders? t - Shout!
Orders for allies: a - Attack new target. r - Retreat! s - Stop attacking. g - Guard the area. f - Follow me.
Anything else - Cancel.
You shout for attention!
What are your orders? t - Shout!
Orders for allies: a - Attack new target. r - Retreat! s - Stop attacking. g - Guard the area. f - Follow me.
Anything else - Cancel.
You shout for attention!
The worm bites you. What are your orders? t - Shout!
Orders for allies: a - Attack new target. r - Retreat! s - Stop attacking. g - Guard the area. f - Follow me.
Anything else - Cancel.
You shout for attention!
What are your orders? t - Shout!
Orders for allies: a - Attack new target. r - Retreat! s - Stop attacking. g - Guard the area. f - Follow me.
Anything else - Cancel.
You shout for attention!
The worm bites you but does no damage. What are your orders? t - Shout!
Orders for allies: a - Attack new target. r - Retreat! s - Stop attacking. g - Guard the area. f - Follow me.
Anything else - Cancel.
You shout for attention!
The worm bites you!
You die...

#+# #.#
#######.#
#....(#.#
{
#.###.#.#
#..##.#w#
{
#.#.#.#@#
#.##....#
#.###.#.#
#.# #.#.#
#.# #.#.#
... ....#
## #.###
#.# #.#


You could see a worm.

Vanquished Creatures
  An iguana (D:3)
  A worm (D:2)
  2 dart slugs (D:1)
  2 bats (D:2)
  4 endoplasms (D:1)
  A giant cockroach (D:1)
  A goblin (D:1)
  5 hobgoblins
  2 jackals (D:2)
  5 kobolds (D:1)
  3 quokkas (D:1)
  A frilled lizard (D:2)
  3 rats
31 creatures vanquished.

Notes
Turn   | Place    | Note
-------+----------+-------------------------------------------
     0 | D:1      | DildoBatman the Formicid Conjurer began the quest for the
                  | Orb.
     0 | D:1      | Reached XP level 1. HP: 13/13 MP: 3/3
   224 | D:1      | Reached XP level 2. HP: 19/19 MP: 0/5
   227 | D:1      | Learned a level 2 spell: Searing Ray
   279 | D:1      | Reached skill level 4 in Conjurations
   520 | D:1      | Found a faded altar of an unknown god.
   536 | D:1      | Reached XP level 3. HP: 24/24 MP: 2/6
  1108 | D:2      | Got the Tome of Conjuration
  1339 | D:3      | Reached skill level 5 in Conjurations
  1339 | D:3      | Reached XP level 4. HP: 12/30 MP: 2/7
  1342 | D:3      | You fall into a shaft and drop 1 floor!
  1401 | D:4      | HP: 1/30 [worm (2)]
  1404 | D:4      | Mangled by a worm

Illustrated notes

Levels and vault maps discovered:
D:1:      ncdulo_halloftheorcs, layout_loops_corners,
          hellmonk_ecumenical_altar_heavens_door
D:2:      layout_rooms
D:3:      layout_basic, ashenzari_altar_1, lemuel_crystal_altar,
          gammafunk_ghost_arena, uniq_robin, uniq_grinder
D:4:      layout_basic, mainiacjoe_overflow_brackets, jmf_multi_god_temple2,
          uniq_menkaure, uniq_natasha, uniq_ijyb

Skill      XL: |  1  2  3 |
---------------+----------+-----
Conjurations   | 4 5 |  5.1
Dodging        | |  1.7
Stealth        | |  2.4
Spellcasting   | |  2.1

Action                   |  1- 3 |  4- 6 || total
-------------------------+-------+-------++-------
Melee: Spear             |    40 |       ||    40
 Cast: Magic Dart        |    10 |       ||    10
       Searing Ray       |     9 |       ||     9
 Abil: Dig               |     2 |     2 ||     4
       Shaft Self        |       |     1 ||     1
 Stab: Sleeping          |     5 |       ||     5
Armor: Robe              |     7 |     1 ||     8
Dodge: Dodged            |    21 |     4 ||    25
